 Dungeon Crawl Stone Soup version 0.28.0-43-g3370ac3207 (webtiles) character file.

Game seed: 16446527587451417343

82 demenzo the Skirmisher (level 4, -9/31 HPs)
             Began as an Octopode Fighter on Mar 10, 2022.
             Killed from afar by an orc wizard (12 damage)
             ... with a puff of flame
             ... on level 3 of the Dungeon.
             The game lasted 00:05:58 (3081 turns).

demenzo the Skirmisher (Octopode Fighter)           Turns: 3081, Time: 00:05:59

Health: -9/31      AC:  1    Str: 15    XL:     4   Next: 43%
Magic:  4/4        EV: 13    Int: 10    God:
Gold:   16         SH:  0    Dex: 13    Spells: 3/3 levels left

rFire   . . .      SeeInvis .   a - +0 long sword
rCold   . . .      Faith    .   b - +0 buckler
rNeg    . . .      Spirit   .   (helmet restricted)
rPois   .          Reflect  .   (no amulet)
rElec   .          Harm     .   (no ring)
rCorr   .          Rampage  .   (no ring)
Will    .....                   (no ring)
Stlth   ++........              (no ring)
HPRegen 0.10/turn               (no ring)
MPRegen 0.09/turn               (no ring)
                                (no ring)
                                (no ring)

@: confused, ambrosia-drunk
A: almost no armour, amphibious, 8 rings, camouflage 1, gelatinous body 1,
(nimble swimmer 1), tentacles
a: no special abilities


You were on level 3 of the Dungeon.
You visited 1 branch of the dungeon, and saw 3 of its levels.

You collected 150 gold pieces.
You spent 134 gold pieces at shops.

Inventory:

Hand Weapons
 a - a +0 long sword (weapon)
 l - a +2 whip of holy wrath
Missiles
 f - 26 bolts
 k - 18 stones (quivered)
 o - 5 boomerangs
 p - 16 sling bullets
 q - 5 poisoned darts
 s - 32 arrows
Armour
 b - a +0 buckler (worn)
Magical Staves
 e - a staff of poison
Scrolls
 i - 3 scrolls of teleportation
 r - a scroll of fog
 u - a scroll of identify
Potions
 c - a potion of might
 d - a potion of lignification {unknown}
 m - a potion of haste
 n - a potion of brilliance
 t - a potion of mutation {unknown}


   Skills:
 + Level 3.5 Fighting
 * Level 3.2 Long Blades
 - Level 3.0 Dodging
 + Level 2.3 Stealth
 + Level 3.5 Shields


You had 3 spell levels left.
You didn't know any spells.
Your spell library was empty.

Dungeon Overview and Level Annotations

Branches:
Dungeon (3/15)

Altars:
Elyvilon
Zin
The Shining One

Shops:
D:1 ![?*!   D:2 (!:((

Annotations:
D:2 exclusion: 2 downstairs
D:3 exclusion: 2 gnolls


Innate Abilities, Weirdness & Mutations

You cannot wear most types of armour.
You are amphibious.
You can wear up to eight rings at the same time.
Your skin changes colour to match your surroundings (Stealth+).
Your rubbery body absorbs attacks. (AC +1, EV +1)
((You are camouflaged when in or above water. (Stealth+)))
You have tentacles for arms and can constrict up to eight enemies at once.


Message History

You hear a shout!
A ball python comes into view.
The orc priest calls upon Beogh to heal the orc wizard.
The orc wizard's wounds heal themselves!
You feel much better.
The orc priest calls down the wrath of Beogh upon you.
Beogh smites you!
You hear a shout!
The ball python hisses angrily.
You see here a rat corpse.
The orc wizard casts a spell at you.
You are confused.
The ball python misses you. The ball python closely misses you.
The ball python closely misses you. The ball python barely misses you.
Unknown command.
You feel better. The ball python bites you.
The ball python closely misses you. x2
The ball python barely misses you. The ball python bites you.
The ball python closely misses you.
The orc priest calls down the wrath of Beogh upon you.
Beogh smites you!
* * * LOW HITPOINT WARNING * * *
The ball python bites you.
* * * LOW HITPOINT WARNING * * *
The ball python misses you.
The orc wizard mumbles some strange words.
The orc wizard flickers and vanishes!
Deactivating autopickup; reactivate with Ctrl-A.
Unknown command.
You are confused.
You feel invigorated.
The centaur wields a +0 shortbow.
The centaur shoots an arrow.
The ball python closely misses you. The ball python grabs you.
The ball python constricts you.
* * * LOW HITPOINT WARNING * * *
Unknown command.
You escape the ball python's grasp.
The centaur shoots an arrow.
The arrow hits you.
* * * LOW HITPOINT WARNING * * *
A puff of flame appears from out of thin air!
The puff of flame hits you!
You die...

........†.####'###.#
..............†....#
.[.................#
###..........o.....#
#.............c....#
#.........#####{##.##
#...#....## #.S#..#
#...#....# ##.##†#
#...######
#@##'###### ####
#.........#
########........#
#...............#
########....#####
#....# ########....##
#..##≈≈≈≈≈...#
#...≈≈≈8≈≈≈..#


You could see a centaur, an orc priest and a ball python.

Vanquished Creatures
  2 adders (D:2)
  A worm (D:3)
  A dart slug (D:1)
  5 endoplasms
  A giant cockroach (D:2)
  5 goblins
  10 hobgoblins
  4 quokkas
  9 ball pythons
  6 bats
  A frilled lizard (D:3)
  4 kobolds
  8 rats
57 creatures vanquished.

Notes
Turn   | Place    | Note
-------+----------+-------------------------------------------
     0 | D:1      | demenzo the Octopode Fighter began the quest for the Orb.
     0 | D:1      | Reached XP level 1. HP: 16/16 MP: 1/1
     6 | D:1      | Noticed a killer bee
     6 | D:1      | Noticed a hound
     6 | D:1      | Noticed an anaconda
     6 | D:1      | Noticed a black bear
   224 | D:1      | Reached XP level 2. HP: 15/21 MP: 2/2
   395 | D:1      | Reached skill level 1 in Stealth
   830 | D:1      | Found Miobb's Distillery.
   835 | D:1      | Found Pale's General Store.
   838 | D:1      | Bought a potion of curing for 42 gold pieces
   856 | D:1      | Reached XP level 3. HP: 19/26 MP: 3/3
  1028 | D:1      | Found Letar's Antique Armour Boutique.
  1123 | D:1      | Bought a scroll of teleportation for 36 gold pieces
  1152 | D:1      | Found Ralasoz's Distillery.
  1462 | D:1      | Found Joqiel's Magic Scroll Shop.
  1512 | D:1      | Found a faded altar of an unknown god.
  1554 | D:2      | Found Muck's Book Shoppe.
  1700 | D:2      | Found Cucrewnu's Weapon Boutique.
  1757 | D:2      | Reached XP level 4. HP: 29/31 MP: 4/4
  1844 | D:2      | Found Jomo's Distillery.
  2267 | D:2      | Found Muphyv's Weapon Shoppe.
  2274 | D:2      | Found Baudifed's Weapon Boutique.
  2353 | D:1      | Bought a scroll of identify for 28 gold pieces
  2617 | D:1      | Bought a scroll of fog for 28 gold pieces
  2760 | D:3      | Found a glowing silver altar of Zin.
  2760 | D:3      | Found a white marble altar of Elyvilon.
  2760 | D:3      | Found a glowing golden altar of the Shining One.
  3062 | D:3      | Noticed a centaur
  3081 | D:3      | Killed from afar by an orc wizard

Illustrated notes

Levels and vault maps discovered:
D:1:      onia_arrival_zoo_common, layout_loops_corners,
          shapermc_ecumenical_altar_acropolis, serial_shops, nicolae_shop_trees,
          nicolae_shop_hallway_stairs, shop_fountains, nicolae_square_shop,
          shop, minmay_tripent
D:2:      layout_basic, serial_shops, shop, shop, nicolae_shop_hallway_stairs,
          shop, nicolae_shop_crystal
D:3:      layout_basic, good_gods_mini_temple, uniq_robin,
          uniq_crazy_yiuf_cottage

Skill      XL: |  1  2  3 |
---------------+----------+-----
Stealth        | 1 2 |  2.3
Long Blades    | 3 |  3.2
Fighting       | |  3.5
Dodging        | |  3.0
Shields        | |  3.5

Action                   |  1- 3 |  4- 6 || total
-------------------------+-------+-------++-------
Melee: Long sword        |    78 |    24 ||   102
       Constrict         |    19 |     7 ||    26
       Tentacles         |    11 |     5 ||    16
       Punch             |     2 |       ||     2
Throw: Stone             |     3 |       ||     3
  Use: Scroll            |       |     4 ||     4
       Potion            |       |     3 ||     3
 Stab: Sleeping          |    14 |     5 ||    19
Armor: Skin              |     8 |     1 ||     9
Dodge: Dodged            |    50 |    20 ||    70
Block: Buckler           |    12 |     6 ||    18
